 Dungeon Sprint DCSS version 0.16-a0-3946-g4f19e5c (webtiles) character file.

3294 PolkaDot the Bewitcher (level 9, -6/58 HPs)
             Began as a Vampire Enchanter on Feb 9, 2015.
             Was a Believer of Dithmenos.
             Killed from afar by an orc sorcerer (24 damage)
             ... with a bolt of negative energy
             ... in the Dungeon (Sprint III: "The Ten Rune Challenge").
             The game lasted 00:08:42 (733 turns).

PolkaDot the Bewitcher (Vampire Enchanter)           Turns: 733, Time: 00:08:42

Health: -6/58      AC:  4    Str: 12    XL:     9   Next: 69%
Magic:  6/16       EV: 12    Int: 20    God:    Dithmenos [**....]
Gold:   36         SH:  0    Dex: 14    Spells: 5 memorised, 0 levels left

rFire  . . .     SeeInvis +     k - +1 dagger (venom)
rCold  . . .     Clarity  .     l - +2 robe {Archmagi}
rNeg   . . .     SustAb   .     (no shield)
rPois  .         Gourm    .     (no helmet)
rElec  .         Spirit   .     (no cloak)
rCorr  .         Warding  .     (no gloves)
rMut   .         NoTele   +     (no boots)
MR     .....                    (no amulet)
Stlth  +++++++++.               (no ring)
                                (no ring)

@: mighty, very slightly contaminated, regenerating quickly, hasted, wreathed by
umbra, drained, very quick, not resistant to hostile enchantments, incredibly
stealthy
A: bottle blood, fangs 3, see invisible, unbreathing
a: Shadow Step, Renounce Religion


You were in the Dungeon.
You worshipped Dithmenos.
Dithmenos was pleased with you.
You were very full.

You visited 1 branch You collected 36 gold pieces.

Inventory:

Hand weapons
 a - a +1 dagger
 k - a +1 dagger of venom (weapon)
Armour
 l - a +2 robe of the Archmagi (worn)
Magical devices
 j - a wand of magic darts (18)
Scrolls
 b - 3 scrolls of identify
 r - a scroll of immolation
Potions
 h - 2 potions of magic
 p - 3 potions of cure mutation {!q}
Books
 c - a book of Maledictions

   Spells                             Type                      Level
   a - Corona                         Hexes                        1
   b - Sure Blade                     Hexes/Charms                 2
   c - Ensorcelled Hibernation        Hexes/Ice                    2
   d - Confuse                        Hexes                        3
   e - Dazzling Spray                 Conjuration/Hexes            3
   f - Enslavement                    Hexes                        4
Miscellaneous
 q - a crystal ball of energy


   Skills:
 + Level 0.8(0.3) Fighting
 - Level 10.0(9.3) Short Blades
 - Level 2.1(1.6) Dodging
 + Level 16.9(16.1) Stealth
 - Level 2.0(1.4) Spellcasting
 * Level 20.2(19.4) Hexes
 - Level 5.5(4.8) Ice Magic
 - Level 4.5(3.9) Invocations


You couldn't memorise any spells.
You knew the following spells:

 Your Spells              Type           Power        Failure   Level  Hunger
a - Corona                Hex            #######      0%          1    ##.....
b - Sure Blade            Hex/Chrm       ######....   1%          2    ###....
c - Confuse               Hex            #######.     1%          3    ####...
d - Ensorcelled Hibernat  Hex/Ice        ######       1%          2    ###....
e - Enslavement           Hex            #######.     1%          4    #####..


Dungeon Overview and Level Annotations

Branches:
Dungeon (1/1)

Altars:
Cheibriados
Dithmenos
Elyvilon
Fedhas
Gozag
Kikubaaqudgha
Makhleb
Nemelex Xobeh
Okawaru
Qazlal
Ru
Sif Muna
Trog
Vehumet
Xom
Yredelemnul
Zin
The Shining One
Jiyva
Lugonu


Innate Abilities, Weirdness & Mutations

Your natural rate of healing is unusually fast.
You can bottle blood from corpses.
You have razor-sharp teeth.
You have supernaturally acute eyesight.
You can survive without breathing.


Message History

Press: ? - help, Shift-Dir - straight line, f - orc warrior
Aim: an orc warrior, wielding a long sword and wearing a chain mail (umbra, chance 91%)
Okay, then.
Casting: Corona
Confirm with . or Enter, or press ? or * to list all spells.
Aiming: Ensorcelled Hibernation
Press: ? - help, Shift-Dir - straight line, f - orc warrior
Aim: an orc warrior, wielding a long sword and wearing a chain mail (umbra, chance 72%)
You feel a surge of power!
The orc warrior looks drowsy...
* * * LOW MAGIC WARNING * * *
The helpless orc warrior fails to defend itself.
You skewer the orc warrior like a kebab!!!!!
You kill the orc warrior!
Dithmenos accepts your kill.
You can now step into the shadows of nearby creatures.
Things that are here:
a long sword; a chain mail The orc sorcerer casts a spell at you.
The bolt of negative energy hits you!
You feel drained.
You die...

▓.....#....≈.♣♣♣♣.###'#
▓.....#...≈≈.♣♣.♣.#.o..
▓.....#..≈≈≈≈...♣.'4⌠..
▓####'#..≈≈≈Z≈≈♣o.#...#
▓.....#.≈≈≈≈≈≈....#.⌠.#
▓.[...#.≈≈≈≈≈.....#...#
▓.....#.o≈≈.......#'###
▓'#####...........#.):#
▓...).@...........#___#
▓▓▓▓▓▓▓▓▓▓▓▓▓▓▓▓▓▓▓▓▓▓▓


You could see an orc sorcerer and a necrophage skeleton (wandering).

Vanquished Creatures
  Josephine (D)
  A centaur warrior (D)
  An unseen horror (D)
  A deep elf priest (D)
  A shadow (D)
  A spatial vortex (D)
  An orc warrior (D)
  2 centaurs (D)
  A necrophage (D)
  An earth elemental (D)
  A water elemental (D)
  A jelly (D)
  A necromancer (D)
  A wizard (D)
  A kobold demonologist (D)
  3 humans (D)
  Jessica (D)
  A phantom (D)
  An ooze (D)
  2 rats (D)
24 creatures vanquished.

Vanquished Creatures (others)
  2 draconian scorchers (D)
  A yaktaur (D)
  4 plants (D)
7 creatures vanquished.

Grand Total: 31 creatures vanquished

Notes
Turn   | Place    | Note
--------------------------------------------------------------
     0 | D        | PolkaDot, the Vampire Enchanter, began the quest for the Orb.
     0 | D        | Reached XP level 1. HP: 13/13 MP: 3/3
     7 | D        | Reached skill level 5 in Hexes
    63 | D        | Noticed Jessica
    66 | D        | Killed Jessica
    66 | D        | Reached skill level 6 in Stealth
    66 | D        | Reached skill level 7 in Hexes
    66 | D        | Reached XP level 2. HP: 19/19 MP: 4/4
    98 | D        | Learned a level 2 spell: Ensorcelled Hibernation
   108 | D        | Reached skill level 8 in Hexes
   108 | D        | Reached skill level 1 in Ice Magic
   108 | D        | Reached XP level 3. HP: 13/24 MP: 6/6
   183 | D        | Learned a level 3 spell: Confuse
   228 | D        | Noticed a water elemental
   231 | D        | Killed a water elemental
   231 | D        | Reached skill level 9 in Hexes
   231 | D        | Reached XP level 4. HP: 28/28 MP: 7/7
   235 | D        | Found a radiant altar of Vehumet.
   236 | D        | Found a deep blue altar of Sif Muna.
   236 | D        | Found an ancient bone altar of Kikubaaqudgha.
   236 | D        | Noticed a wizard
   237 | D        | Killed a wizard
   237 | D        | Reached skill level 5 in Ice Magic
   239 | D        | Reached XP level 5. HP: 33/33 MP: 9/9
   245 | D        | Killed a white draconian scorcher
   257 | D        | Found a glowing silver altar of Zin.
   258 | D        | Found a glowing golden altar of the Shining One.
   258 | D        | Found a white marble altar of Elyvilon.
   258 | D        | Noticed a deep elf priest
   267 | D        | Killed a deep elf priest
   267 | D        | Reached skill level 5 in Short Blades
   267 | D        | Reached skill level 11 in Stealth
   267 | D        | Reached skill level 12 in Hexes
   267 | D        | Reached XP level 6. HP: 10/41 MP: 10/10
   279 | D        | Killed a white draconian scorcher
   342 | D        | Killed a yaktaur
   411 | D        | Found an iron altar of Okawaru.
   412 | D        | Found a bloodstained altar of Trog.
   412 | D        | Noticed a human
   412 | D        | Noticed a human
   416 | D        | Killed a human
   416 | D        | Reached skill level 14 in Hexes
   416 | D        | Reached XP level 7. HP: 46/46 MP: 7/12
   425 | D        | Killed a human
   481 | D        | Found a snail-covered altar of Cheibriados.
   481 | D        | Noticed a necrophage
   482 | D        | Found a basalt altar of Yredelemnul.
   482 | D        | Found a blossoming altar of Fedhas.
   482 | D        | Noticed a necromancer
   483 | D        | Killed a necrophage
   483 | D        | Reached skill level 15 in Hexes
   484 | D        | Killed a necromancer
   496 | D        | Learned a level 2 spell: Sure Blade
   497 | D        | Noticed a jelly
   498 | D        | Noticed a shadow
   503 | D        | Killed a jelly
   507 | D        | Killed a shadow
   507 | D        | Reached skill level 16 in Hexes
   575 | D        | Found a stormy altar of Qazlal.
   575 | D        | Found a sacrificial altar of Ru.
   575 | D        | Found a burning altar of Makhleb.
   575 | D        | Found a shimmering altar of Xom.
   576 | D        | Found a viscous altar of Jiyva.
   576 | D        | Found a shadowy altar of Dithmenos.
   576 | D        | Found a sparkling altar of Nemelex Xobeh.
   576 | D        | Found a corrupted altar of Lugonu.
   576 | D        | Found an opulent altar of Gozag.
   576 | D        | Noticed a spatial vortex
   579 | D        | Killed a spatial vortex
   579 | D        | Reached XP level 8. HP: 52/52 MP: 13/13
   584 | D        | Became a worshipper of Dithmenos the Shadowed
   595 | D        | Noticed Josephine
   597 | D        | Killed Josephine
   597 | D        | Reached skill level 15 in Stealth
   597 | D        | Reached skill level 18 in Hexes
   602 | D        | Noticed an earth elemental
   605 | D        | Killed an earth elemental
   605 | D        | Reached skill level 10 in Short Blades
   610 | D        | Noticed a centaur
   610 | D        | Noticed a centaur warrior
   610 | D        | Noticed a centaur
   612 | D        | Killed a centaur
   612 | D        | Reached skill level 1 in Invocations
   612 | D        | Reached XP level 9. HP: 57/57 MP: 14/14
   614 | D        | Killed a centaur warrior
   614 | D        | Reached skill level 19 in Hexes
   615 | D        | Killed a centaur
   627 | D        | Noticed an unseen horror
   629 | D        | Killed an unseen horror
   629 | D        | Reached skill level 20 in Hexes
   633 | D        | Noticed a wandering mushroom
   658 | D        | Noticed an orc warrior
   658 | D        | Noticed an orc wizard
   658 | D        | Noticed an orc sorcerer
   658 | D        | Noticed an orc priest
   658 | D        | Noticed an orc warrior
   665 | D        | Learned a level 4 spell: Enslavement
   667 | D        | Noticed an ice devil
   667 | D        | Noticed an orc warrior
   667 | D        | Noticed an orc priest
   671 | D        | Noticed an orc warrior
   672 | D        | Noticed an orc warrior
   730 | D        | Killed an orc warrior
   730 | D        | Acquired Dithmenos' first power
   733 | D        | Killed from afar by an orc sorcerer

Action                   |  1- 3 |  4- 6 |  7- 9 || total
-------------------------+-------+-------+-------++-------
Melee: Dagger            |    14 |    10 |    21 ||    45
 Cast: Confuse           |     1 |       |     4 ||     5
       Ensorcelled Hiber |       |     2 |     1 ||     3
       Enslavement       |       |       |     4 ||     4
  Use: Scroll            |     1 |       |     4 ||     5
       Potion            |     3 |     2 |     8 ||    13
 Stab: Sleeping          |     5 |     3 |    11 ||    19
       Confused          |     1 |       |     3 ||     4
  Eat: Corpse            |     3 |     2 |     1 ||     6
